 Dungeon Crawl Stone Soup version 0.24.0-13-gcf9b319 (webtiles) character file.

Game seed: 6612925488819798769, levelgen mode: deterministic

8 ClockworkOrrery the Fighter (level 2, 35/38 HPs)
             Began as a Gnoll Wanderer on Feb 2, 2020.
             Quit the game on level 1 of the Dungeon.
             The game lasted 00:01:13 (141 turns).

ClockworkOrrery the Fighter (Gnoll Wanderer)         Turns: 141, Time: 00:01:14

Health: 35/38      AC:  8    Str: 14    XL:     2   Next: 8%
Magic:  5/5        EV: 10    Int: 12    God:
Gold:   44         SH:  0    Dex: 16    Spells: 1/1 levels left

rFire    . . .     SeeInvis .   j - -3 hand axe (curse)
rCold    . . .     Gourm    .   (no shield)
rNeg     . . .     Faith    .   b - +0 ring mail
rPois    .         Spirit   .   e - +1 helmet
rElec    .         Reflect  .   (no cloak)
rCorr    .         Harm     .   (no gloves)
MR       .....                  (no boots)
Stlth    +.........             (no amulet)
HPRegen  0.12/turn              (no ring)
MPRegen  0.09/turn              (no ring)

@: no status effects
A: distributed training, fangs 1, strong nose
a: no special abilities


You were on level 1 of the Dungeon.
You were not hungry.

You visited 1 branch of the dungeon, and saw 1 of its levels.

You collected 44 gold pieces.

Inventory:

Hand Weapons
 a - a +0 dagger
 j - a cursed -3 hand axe (weapon)
Armour
 b - a +0 ring mail (worn)
 e - a +1 helmet (worn)
Wands
 d - a wand of flame (15)
Scrolls
 i - a scroll of fog {unknown}
Potions
 c - a potion of curing
 h - a potion of mutation {unknown}
Comestibles
 f - 2 rations
 g - 3 chunks of flesh


   Skills:
 + Level 12.0 Fighting
 + Level 0.2 Short Blades
 + Level 0.2 Long Blades
 + Level 0.2 Axes
 + Level 0.2 Maces & Flails
 + Level 0.2 Polearms
 + Level 0.2 Staves
 + Level 0.2 Slings
 + Level 0.2 Bows
 + Level 0.2 Crossbows
 + Level 0.2 Throwing
 + Level 4.4 Armour
 + Level 0.2 Dodging
 + Level 0.2 Stealth
 + Level 0.2 Shields
 + Level 0.2 Unarmed Combat
 + Level 0.2 Spellcasting
 + Level 0.1 Conjurations
 + Level 0.1 Hexes
 + Level 0.1 Charms
 + Level 0.1 Summonings
 + Level 0.1 Necromancy
 + Level 0.1 Translocations
 + Level 0.1 Transmutations
 + Level 0.1 Fire Magic
 + Level 0.1 Ice Magic
 + Level 0.1 Air Magic
 + Level 0.1 Earth Magic
 + Level 0.1 Poison Magic
 + Level 0.3 Invocations
 + Level 4.4 Evocations


You had one spell level left.
You didn't know any spells.
Your spell library was empty.

Dungeon Overview and Level Annotations

Branches:
Dungeon (1/15)

Altars:


Innate Abilities, Weirdness & Mutations

Your experience applies equally to all skills.
You have very sharp teeth.
Your uncanny sense of smell can sniff out nearby items.


Message History

You have reached level 2!
The hobgoblin barely misses you.
You hit the hobgoblin but do no damage. You bite the hobgoblin.
The hobgoblin is heavily wounded.
The hobgoblin hits you but does no damage.
You hit the hobgoblin.
The hobgoblin is almost dead.
You hit the hobgoblin but do no damage.
The hobgoblin is almost dead.
The hobgoblin hits you but does no damage.
You hit the hobgoblin.
You kill the hobgoblin!
Found a runed hand axe.
You see here a +0 club.
You now have 44 gold pieces (gained 13).
You see here a runed hand axe.
j - a runed hand axe It sticks to your hand!
j - a cursed -3 hand axe (weapon)
Are you sure you want to abandon this character and quit the game? (Confirm with "yes".)

.......#
.(.....# #.#
.......# #.#
.......# #.#
.......######
#.#
............#
#.#
............#
#.#
#####.#######
#.# #.# #@# #.#
####.### #.####
#......#
#....####.)....#
####...........#
#####.......#
##......#
#......#
#......#


There were no monsters in sight!

Vanquished Creatures
  2 bats (D:1)
  A giant cockroach (D:1)
  A hobgoblin (D:1)
  3 kobolds (D:1)
  2 rats (D:1)
9 creatures vanquished.

Notes
Turn   | Place    | Note
-------+----------+-------------------------------------------
     0 | D:1      | Reached skill level 12 in Fighting
     0 | D:1      | ClockworkOrrery the Gnoll Wanderer began the quest for the
                  | Orb.
     0 | D:1      | ClockworkOrrery set off with the following items: a +0
                  | dagger, a +0 ring mail, a potion of curing, a wand of flame
                  | (15), a ration
     0 | D:1      | Reached XP level 1. HP: 31/31 MP: 3/3
   125 | D:1      | Reached XP level 2. HP: 33/38 MP: 5/5
   141 | D:1      | Quit the game

Levels and vault maps discovered:
D:1:      minmay_arrival_cross, layout_rooms, minivault_14

Skill      XL: | |
---------------+-+-----
Fighting       | | 12.0
Short Blades   | |  0.2
Long Blades    | |  0.2
Axes           | |  0.2
Maces & Flails | |  0.2
Polearms       | |  0.2
Staves         | |  0.2
Slings         | |  0.2
Bows           | |  0.2
Crossbows      | |  0.2
Throwing       | |  0.2
Armour         | |  4.4
Dodging        | |  0.2
Stealth        | |  0.2
Shields        | |  0.2
Unarmed Combat | |  0.2
Spellcasting   | |  0.2
Conjurations   | |  0.1
Hexes          | |  0.1
Charms         | |  0.1
Summonings     | |  0.1
Necromancy     | |  0.1
Translocations | |  0.1
Transmutations | |  0.1
Fire Magic     | |  0.1
Ice Magic      | |  0.1
Air Magic      | |  0.1
Earth Magic    | |  0.1
Poison Magic   | |  0.1
Invocations    | |  0.3
Evocations     | |  4.4

Action                   || total
-------------------------++-------
Melee: Dagger            ||    40
       Bite              ||    14
Armor: Ring mail         ||    31
Dodge: Dodged            ||    32
